[Event "Azerbaijan-ch 1st League 2025"]
[Site "Baku"]
[Date "2025.01.08"]
[Round "3.17"]
[White "Baghirov, Mahammad"]
[Black "Salimov, Shovkat"]
[Result "0-1"]
[Annotator "TA"]
[ECO "A26"]
[WhiteElo "1932"]
[BlackElo "1977"]
[PlyCount "112"]
[EventDate "2025.01.05"]
[EventType "swiss"]
[EventCountry "AZE"]
[SourceTitle "playchess.com"]
[Source "ChessBase"]
[SourceQuality "1"]
[TimeControl "40/5400+30:1800+30"]

1. c4 Nf6 2. Nc3 e5 3. g3 g6 4. Bg2 Bg7 5. d3 O-O 6. Nf3 Re8 7. Bg5 h6 8. Bxf6 Bxf6 9. Nd2 d6 10. O-O Bg7 11. Rb1 a5 12. a3 Nc6 13. b4 axb4 14. axb4 Kh7 (14... e4 $1 $15 15. b5 (15. Ncxe4 f5 $17) 15... Ne7) 15. Nd5 Ne7 16. b5 Nxd5 17. Bxd5 Qd7 18. Qc2 f5 19. Bg2 Bf6 20. Rfc1 Re7 21. Nb3 Qe8 22. Nd2 h5 23. c5 dxc5 24. Nb3 (24. Qxc5 $142 h4 25. gxh4) 24... e4 ({Black should try} 24... Qf7 $11) 25. Nxc5 $14 b6 26. dxe4 Ra3 (26... bxc5 27. e5 Rxe5 28. Bxa8 $18) 27. Nd3 fxe4 (27... Rc3 $6 28. Qa4 $16) 28. Nf4 Bb7 {[%emt 0:11:27] Dodges Nd5} (28... e3 $11 29. fxe3 Bf5) 29. h4 Qa8 30. e3 Qa5 (30... Be5 $14) 31. Qd1 (31. Qxc7 $1 $16 {aiming for Qd6.} Rxc7 32. Rxc7+ Kh6 33. Rxb7) 31... Qa8 $1 32. Rc4 Qe8 (32... Ra2 $16) 33. Nd5 (33. Qc1 $18 Ra2 34. Rxc7) 33... Bxd5 $16 34. Qxd5 Rd3 35. Qb7 Be5 36. Bxe4 Rd2 {[%emt 0:00:39] [#]} 37. Rc2 $1 Rd8 38. Rbc1 {[%emt 0:00:00] Black is weak on the light squares} (38. Bc6 $142 Qf7 39. Kg2) 38... Kh6 39. Bg2 (39. Qc6 $16) 39... Qxb5 $14 40. e4 ({Better is} 40. Qf3 $14) 40... Bd6 (40... Rf7 $15) 41. f4 (41. Qa7 {simplifies} Qa5 42. Qxa5 bxa5 43. Rd1) 41... c5 (41... Red7 $11 42. Qc6 Qxc6 43. Rxc6 Bc5+ 44. R1xc5 Rd1+ (44... bxc5 45. f5 $15) 45. Kh2 bxc5) 42. Qd5 $16 Qe8 {[%emt 0:01:22][%cal Od6f4] aiming for ...Bxf4!.} 43. Qg5+ Kh7 (43... Kg7 $16 {keeps fighting.}) 44. e5 $18 Bxe5 45. fxe5 Rxe5 46. Qf6 Rd3 47. Kh2 (47. Qf2 $16) 47... Rf5 $1 $11 48. Qxb6 Qe5 $1 49. Qa7+ (49. Qxc5 Qxg3+ (49... Rxg3 $2 {too greedy.} 50. Qxe5 Rxg2+ 51. Rxg2 $18) 50. Kh1 Rxc5 (50... Qxh4+ $2 51. Kg1 $19) 51. Bf1 Rd1 (51... Qxh4+ {is a self mate.} 52. Kg1 Rg3+ 53. Bg2 Qe4 54. Kf1 Rxg2 55. Rxg2 Rxc1+ 56. Kf2 Rc2+ 57. Kf1 Qxg2+ 58. Ke1 Qh1#)) 49... Kh6 {[%emt 0:00:18] Some like it hot} 50. Qa1 $2 (50. Qa8 $11) 50... Qxg3+ $19 51. Kg1 {[%emt 0:00:00][%cal Ra1h8] [#]} Qe3+ $1 52. Kh1 Rd4 53. Rc4 $2 (53. Ba8 $19 Rf8 (53... Rxh4+ 54. Rh2 $11) 54. Bc6) 53... Rff4 54. Rxd4 cxd4 55. Bb7 Qg3 56. Bg2 Qxh4+ 0-1

[Event "Azerbaijan-ch 1st League 2025"]
[Site "Baku"]
[Date "2025.01.08"]
[Round "3.18"]
[White "Azimov, Yasin"]
[Black "Imranli, Kenan"]
[Result "1-0"]
[Annotator "NA RC COMBH"]
[ECO "E09"]
[WhiteElo "1880"]
[BlackElo "1758"]
[PlyCount "57"]
[EventDate "2025.01.05"]
[EventType "swiss"]
[EventCountry "AZE"]
[SourceTitle "playchess.com"]
[Source "ChessBase"]
[SourceQuality "1"]
[TimeControl "40/5400+30:1800+30"]

1. d4 d5 2. c4 e6 3. Nf3 Nf6 4. g3 c6 5. Qc2 Be7 6. Bg2 O-O 7. O-O Re8 8. Nbd2 Nbd7 9. e4 dxe4 10. Nxe4 Nxe4 11. Qxe4 Nf6 12. Qe2 Bd7 {[%emt 0:11:44] E09: Closed Catalan: Main Line: 7 Qc2 c6 8 Nbd2.} 13. Ne5 Qc7 14. Bf4 Bd6 15. Rad1 Rad8 16. c5 Bxe5 17. Bxe5 Qa5 {[%emt 0:00:24] [#]} 18. Bxf6 (18. Rd3 $1 $18) 18... gxf6 19. Qg4+ Kh8 20. Qh4 Kg7 21. Rd3 Rc8 (21... Rb8 $16 22. Qg4+ Kh8) 22. g4 $16 (22. Qg4+ $18 Kh8 23. Ra3) 22... Qb5 23. Rf3 f5 24. gxf5 exf5 25. Rg3+ Kf8 26. Qh6+ Ke7 27. Re1+ Be6 28. Rxe6+ Kd7 29. Re7+ 1-0

[Event "Azerbaijan-ch 1st League 2025"]
[Site "Baku"]
[Date "2025.01.09"]
[Round "4.1"]
[White "Ahmadov, Fariz"]
[Black "Atakishiyev, Elmar"]
[Result "0-1"]
[Annotator "TA"]
[ECO "B50"]
[WhiteElo "2224"]
[BlackElo "2408"]
[PlyCount "124"]
[EventDate "2025.01.05"]
[EventType "swiss"]
[EventCountry "AZE"]
[SourceTitle "playchess.com"]
[Source "ChessBase"]
[SourceQuality "1"]
[TimeControl "40/5400+30:1800+30"]

1. e4 c5 2. Nf3 d6 3. e5 Nc6 4. exd6 Bg4 5. Nc3 Nf6 6. Be2 e6 7. d3 Bxd6 8. Ne4 Nxe4 9. dxe4 Qc7 10. c3 Rd8 11. Nd2 Bxe2 12. Qxe2 O-O (12... Bxh2 13. g3 Bxg3 14. fxg3 $14) 13. Nf3 Ne5 14. Nxe5 Bxe5 15. g3 c4 16. O-O Rd3 17. Bg5 h6 18. Be3 Rfd8 19. a4 a6 20. a5 R8d7 21. Qh5 Bd6 22. Rfe1 Qc6 23. Qg4 Kh8 24. Qh5 Kg8 (24... Qxe4 25. Bd4 Qg6 (25... Qh7 26. Rxe6 fxe6 27. Qe8+ $11) 26. Qxg6 fxg6 27. Rxe6 $14) 25. Qg4 Kh8 (25... Kh7 {is more complex.} 26. Bd4 g6 27. h4 Bc7) 26. Qh5 $1 e5 (26... Qxe4 $6 27. Bd4 Qh7 28. Rxe6 fxe6 29. Qe8+ $11) (26... Kh7 $17) 27. Qf5 (27. Rad1 $1 $15) 27... Bc5 (27... Bc7 $1 $17 28. Qh5 Qb5 (28... Qxe4 29. Bb6 $15)) 28. Bxc5 (28. Qxe5 $11 {remains equal.} Bxe3 29. Rxe3) 28... Qxc5 $17 29. Re2 Kg8 30. Kg2 g6 31. Qf6 R3d6 32. Qf3 Rd3 33. Qf6 R3d6 34. Qf3 Kg7 35. Qe3 Qb5 36. h4 Rd3 37. Qb6 Qxb6 38. axb6 {[%emt 0:00:02] [#]} Rd2 $1 39. Kf1 Rxe2 40. Kxe2 Rd6 41. Ra4 Rxb6 42. Rxc4 Rxb2+ 43. Ke3 Kf6 44. Rc8 h5 45. Rc7 (45. Rb8 $17) 45... Ke6 (45... Rb6 $19 46. Rc5 Ke6) 46. Rc8 $17 a5 47. Re8+ (47. Rc5 $17) 47... Kd6 $19 48. f4 (48. Ra8) 48... exf4+ $19 49. gxf4 a4 50. Ra8 b5 51. Ra7 Rb3 52. Kd4 (52. Kd3 $17 {keeps fighting.}) 52... a3 $19 53. Rxf7 $2 {[%emt 0:13:41] [#]} (53. f5 gxf5 54. exf5) 53... b4 $1 $19 54. e5+ Ke6 55. Rf6+ Ke7 56. Ra6 Rxc3 57. Ra4 Rc1 58. Kd5 b3 59. Ra7+ Kf8 60. e6 b2 61. Ra8+ Kg7 62. e7 Re1 ({Inferior is} 62... b1=B 63. e8=Q (63. e8=N+ Kf7 $17) 63... Ba2+ 64. Kd4 Rd1+ 65. Kc3 Rc1+ 66. Kd2) 0-1

[Event "Azerbaijan-ch 1st League 2025"]
[Site "Baku"]
[Date "2025.01.09"]
[Round "4.2"]
[White "Ibrahimli, Murad"]
[Black "Abdulkarimli, Eljan"]
[Result "1-0"]
[Annotator "TA"]
[ECO "D27"]
[WhiteElo "2415"]
[BlackElo "2163"]
[PlyCount "55"]
[EventDate "2025.01.05"]
[EventType "swiss"]
[EventCountry "AZE"]
[SourceTitle "playchess.com"]
[Source "ChessBase"]
[SourceQuality "1"]
[TimeControl "40/5400+30:1800+30"]

1. d4 d5 2. c4 dxc4 3. Nf3 Nf6 4. e3 e6 5. Bxc4 c5 6. O-O a6 7. b3 Be7 8. Nbd2 Nc6 (8... b5 $11 {might be stronger.} 9. Be2 Nbd7) 9. dxc5 $14 Bxc5 10. Bb2 Be7 11. Qb1 b6 ({Better is} 11... b5 $14) 12. Rd1 $16 Qc7 13. Ne4 Bb7 14. Neg5 Nd8 15. Ne5 {[%emt 0:10:40] White has more active pieces. The black rooks are passive.} Bd5 (15... b5 $16 {might work better.}) 16. Bxd5 $18 exd5 17. Qf5 Qc8 {[%emt 0:05:47] [#]} 18. Qd3 $1 Qb7 19. Rac1 Bd6 20. Qf5 Qe7 21. Nc6 Nxc6 22. Rxc6 Rd8 23. Rc8 {[%emt 0:02:02] And now Rdc1 would win.} h6 24. Bxf6 gxf6 {[%emt 0:00:52] Black is weak on the light squares} 25. Rxd8+ Qxd8 26. Nf3 ({Stronger than} 26. Qxd5 Bxh2+ 27. Kxh2 hxg5+ 28. Kg3 Qxd5 29. Rxd5 Ke7 $11) 26... Be7 27. Rxd5 Qc7 {[%emt 0:00:25] ( -> ...Qc1+)} 28. g3 1-0

[Event "Azerbaijan-ch 1st League 2025"]
[Site "Baku"]
[Date "2025.01.09"]
[Round "4.3"]
[White "Aslanov, Umid"]
[Black "Davudov, Tunar"]
[Result "1-0"]
[Annotator "TA"]
[ECO "B40"]
[WhiteElo "2250"]
[BlackElo "2225"]
[PlyCount "141"]
[EventDate "2025.01.05"]
[EventType "swiss"]
[EventCountry "AZE"]
[SourceTitle "playchess.com"]
[Source "ChessBase"]
[SourceQuality "1"]
[TimeControl "40/5400+30:1800+30"]

1. e4 c5 2. Nf3 e6 3. d4 cxd4 4. Qxd4 Nc6 5. Qe3 Nf6 6. Nc3 d6 7. b3 Be7 8. Bb2 O-O 9. O-O-O Qa5 10. h3 Rb8 11. g4 b5 12. g5 Nd7 13. Kb1 b4 14. Ne2 Ba6 15. Ned4 Rfc8 16. h4 Bc4 17. Be2 Bxe2 18. Rhf1 Rb6 19. Nxe2 Ra6 20. Nc1 Nde5 21. Nd2 Qc7 22. f4 Nd7 23. Nf3 e5 24. h5 exf4 25. Qxf4 Nde5 26. Rf2 Nxf3 27. Rxf3 Ne5 28. Rf2 Rf8 29. Rd5 Rc6 30. h6 g6 31. Nd3 f6 32. gxf6 Rxf6 33. Qg3 Rxf2 34. Qxf2 Nxd3 35. cxd3 Qb6 36. Qg3 Rc8 37. Rd4 Qc6 38. Qg4 Qc2+ 39. Ka1 Kf7 40. Rxb4 Rc3 41. Qf3+ Ke6 42. Rc4 Rxc4 43. bxc4 Kd7 44. a3 a5 45. e5 dxe5 46. Qd5+ (46. Bxe5 Qc1+ 47. Ka2 Qxa3+ 48. Kb1 $11) (46. Qb7+ $142) 46... Ke8 $2 {[%emt 0:02:58] [#]} (46... Bd6 47. Qb5+ (47. Bxe5 Qc1+ 48. Ka2 Qxa3+ 49. Kb1 a4 $11) 47... Ke7) 47. Qg8+ $2 (47. Qxa5 Qxd3 48. Qxe5 Qxc4 $11) (47. Bxe5 Qc1+ 48. Ka2 Qxa3+ 49. Kb1 Qb3+ 50. Bb2 Qd1+ 51. Bc1 Qb3+ 52. Bb2 Qd1+ 53. Bc1 Qb3+ 54. Bb2 $11) (47. Qxe5 Qxd3 48. Qh8+ (48. Qxa5 Qf1+ 49. Ka2 Qxc4+ 50. Ka1 Qf1+ 51. Ka2 Qc4+ 52. Ka1 Qd3 $11) 48... Bf8 $11 (48... Kd7 49. Qxh7 Qf1+ 50. Ka2 $11)) (47. Qa8+ $1 $18 Kd7 48. Qb7+ (48. Qxa5 Qxd3 49. Qb5+ Kd8 $11) 48... Ke8 49. Qb8+ (49. Bxe5 Qc1+ 50. Qb1 Qxa3+ 51. Qa2 Qxd3 $17) 49... Kd7 (49... Kf7 $2 50. Qh8 $18) 50. Qb5+ (50. Bxe5 Qc1+ 51. Qb1 Qxa3+ 52. Qa2 g5 $17) (50. Qxe5 Qxd3 51. Qxa5 Qf1+ 52. Ka2 Qxc4+ 53. Ka1 Qf1+ 54. Ka2 Qc4+ 55. Ka1 Qf1+ 56. Ka2 Qc4+ $11) 50... Kc8 51. Qe8+ (51. Bxe5 Qc1+ 52. Qb1 Qxa3+ 53. Qa2 Qxd3 $17) (51. Qxa5 Qxd3 52. Qb5 Kd8 $11) (51. Qxe5 a4 $18) 51... Bd8 52. Qe6+ (52. Qxe5 Qxd3 53. Qb5 Qe4 $11) (52. Bxe5 Qd1+ 53. Ka2 Qe2+ 54. Ka1 Qd1+ 55. Kb2 Qd2+ 56. Ka1 Qe1+ 57. Ka2 Qe2+ 58. Ka1 Qd1+ $11) 52... Kb7 53. Qd7+ (53. Qxe5 Qxd3 54. Qg7+ Kc6 $11) 53... Bc7 54. Qxh7 (54. Bxe5 Qd1+ 55. Ka2 Qd2+ 56. Bb2 Qxh6 $16)) 47... Kd7 $1 $11 48. Qxh7 (48. Bxe5 $2 Qc1+ (48... Qxd3 49. Bb2 $11) 49. Ka2 Qxa3+ 50. Kb1 Qxd3+ 51. Ka2 a4 $19) (48. Qd5+ Bd6 $16) 48... a4 49. Qxg6 (49. Bxe5 Qc1+ 50. Ka2 Qxa3+ 51. Kb1 Qxd3+ 52. Kc1 Qe3+ (52... Qxc4+ $2 53. Kb1 $19) 53. Kb1 Qe4+ (53... Qxe5 $2 54. Qxg6 Qe1+ 55. Kc2 $19) 54. Ka2 Qxc4+ (54... Qxe5 $2 55. Qxg6 Qe2+ 56. Kb1 $19) 55. Ka1 Qc1+ 56. Ka2 Qa3+ 57. Kb1 Qd3+ 58. Ka2 Qd5+ 59. Kb1 Qxe5 $19) (49. Qf7 $5 Qd1+ $8 50. Ka2 Qb3+ 51. Ka1 Qd1+ $11) 49... Qd1+ 50. Ka2 Qb3+ 51. Kb1 (51. Ka1 $5 Qd1+ $8 52. Ka2 Qb3+ 53. Kb1 Qd1+ 54. Bc1 Qb3+ 55. Bb2 $11) 51... Qd1+ 52. Bc1 (52. Ka2 $5 Qb3+ $8 53. Kb1 Qd1+ 54. Bc1 Qb3+ 55. Ka1 $11) 52... Bxa3 53. Qf7+ Kd8 54. Qd5+ Ke8 $2 (54... Kc8 $11 {and Black has nothing to worry.} 55. Qc6+ Kd8 56. Qd5+ Kc8) 55. Qxe5+ $18 Kf7 (55... Kd7 {was necessary.} 56. Qc3 Bxc1 57. Qxc1 Qb3+ 58. Qb2 Qd1+ 59. Ka2 Qxd3) 56. Qf4+ $18 Ke7 (56... Ke8 $142 57. Qe3+ Kd8) 57. Qd2 $18 Qb3+ 58. Bb2 $2 (58. Ka1 {h7 would kill now.} Bxc1 59. Qxc1 Qxd3 60. Qg5+ Ke8 61. Qb5+ Kf8 62. Qb4+ (62. Qxa4 Qc3+ 63. Kb1 Qe1+ 64. Kb2 Qd2+ 65. Qc2 Qxh6 $11) 62... Kf7 63. h7 (63. Qxa4 Qc3+ 64. Ka2 Qd2+ 65. Kb1 Qe1+ 66. Kc2 Qf2+ 67. Kb1 Qe1+ 68. Kc2 Qe2+ 69. Kc1 Qe1+ 70. Kc2 $11) 63... Qf1+ 64. Ka2 Qe2+ 65. Ka3 Qd3+ 66. Kxa4) 58... Bxb2 $18 59. Qxb2 Qxd3+ 60. Qc2 Qf1+ $2 (60... Qxc2+ 61. Kxc2 Kf7 62. c5 Kg6 63. c6 Kxh6 64. c7 Kg7 65. c8=Q (65. c8=R Kf7 $18)) (60... Qh3 $18) 61. Ka2 Qh3 62. h7 (62. Qxa4 Qxh6 63. Qa7+ Kd8 $11) 62... Kd6 63. c5+ ({Less strong is} 63. Qxa4 Qxh7 64. Qa3+ Kc6 $11) 63... Kc7 64. Qxa4 $2 (64. Kb1 Qf1+ 65. Kb2 Qh3 66. Qxa4 Qh2+ 67. Qc2 Qe5+ 68. Kb3 Qe3+ 69. Kb4 Qf4+ 70. Qc4) 64... Qh2+ $2 {[%emt 0:00:50][%mdl 8192] [#]} (64... Qg2+ $11 65. Ka3 Qf3+ 66. Kb2 Qf6+ 67. Kc1 Qh6+ 68. Kb2 Qf6+) 65. Ka3 $1 Qh3+ 66. Kb4 $2 (66. Kb2 {mates} Qh2+ 67. Qc2 Qe5+ 68. Kb3 Qe3+ 69. Kb4 Qf4+ 70. Qc4 Qf6 71. Qd3 Qb2+ 72. Kc4 Qa2+ 73. Kd4 Qa1+ 74. Ke3 Qe5+ 75. Kf3 Qf6+ 76. Kg4 Qg7+ 77. Kh3) 66... Qg4+ $1 $11 67. Ka5 Qh5 $2 (67... Qf5 $11) 68. Qf4+ Kb7 69. Qe4+ Kc7 70. Qe7+ Kb8 71. Kb6 1-0

[Event "Azerbaijan-ch 1st League 2025"]
[Site "Baku"]
[Date "2025.01.09"]
[Round "4.4"]
[White "Hamidov, Allahverdi"]
[Black "Orujov, Farid"]
[Result "1/2-1/2"]
[Annotator "TA"]
[ECO "E52"]
[WhiteElo "2200"]
[BlackElo "2301"]
[PlyCount "83"]
[EventDate "2025.01.05"]
[EventType "swiss"]
[EventCountry "AZE"]
[SourceTitle "playchess.com"]
[Source "ChessBase"]
[SourceQuality "1"]
[TimeControl "40/5400+30:1800+30"]

1. d4 Nf6 2. c4 e6 3. Nc3 Bb4 4. e3 O-O 5. Bd3 d5 6. Nf3 b6 7. O-O Ba6 8. cxd5 exd5 9. Bxa6 Nxa6 10. Qe2 Qc8 11. Bd2 Re8 12. Rac1 Bf8 13. Ne5 c5 14. f4 Nc7 15. b3 Ne6 16. g4 Qb7 17. g5 Ne4 18. Nxe4 dxe4 19. dxc5 Nxc5 20. Bc3 Nd3 21. Nxd3 exd3 22. Qxd3 Rad8 23. Bd4 Bc5 24. Rcd1 Re4 $36 {[%emt 0:13:47][%mdl 2048] Black fights for an advantage.} 25. Qc3 Qc8 26. b4 Qg4+ 27. Kh1 Bxd4 28. Rxd4 Rexd4 29. exd4 $15 {[%emt 0:00:06][%mdl 4096] Endgame KQR-KQR. White is a pawn up.} Qe2 {[%emt 0:00:02][%csl LRa2,LRf1] Repels Qe3} 30. Re1 Qxa2 31. Kg1 g6 (31... h6 $17 32. gxh6 Qd5 (32... gxh6 33. Re3 $17)) 32. Re5 (32. Qc6 $11) 32... Qb1+ (32... a5 $1 $15 33. bxa5 bxa5) 33. Kg2 $11 {[%emt 0:00:33] [#]} a5 $1 34. bxa5 bxa5 35. Qxa5 Qc2+ (35... Rxd4 36. Re8+ Kg7 37. Qe5+ f6 38. Qxf6#) 36. Kg3 Qd3+ (36... Rxd4 37. Re8+ Kg7 38. Qe5+ f6 39. Qxf6#) 37. Kg2 (37. Kg4 $1 $11 {remains equal.} h5+ (37... Qxd4 38. Re1 $15) 38. gxh6 Qxd4 (38... Rxd4 39. Re8+ Kh7 40. Rh8+ Kxh8 41. Qe5+ f6 42. Qxf6+ Kh7 43. Qg7#) 39. Re1) 37... Rb8 $17 38. Qa2 {[%emt 0:02:21] Wards off Rb2+} Rb1 ({Black should try} 38... Qxd4 $17 {Strongly threatening ...Rb2+.} 39. Qf2 Rb2 40. Re8+ Kg7) 39. Qe2 $11 {[%emt 0:00:50] Re8+ would kill now.} Qxd4 40. Re8+ Kg7 41. Qe5+ Qxe5 42. Rxe5 1/2-1/2

[Event "Azerbaijan-ch 1st League 2025"]
[Site "Baku"]
[Date "2025.01.09"]
[Round "4.5"]
[White "Ahmad, Khagan"]
[Black "Hajialiyev, Islam"]
[Result "1-0"]
[Annotator "TA"]
[ECO "C03"]
[WhiteElo "2406"]
[BlackElo "2217"]
[PlyCount "113"]
[EventDate "2025.01.05"]
[EventType "swiss"]
[EventCountry "AZE"]
[SourceTitle "playchess.com"]
[Source "ChessBase"]
[SourceQuality "1"]
[TimeControl "40/5400+30:1800+30"]

1. e4 e6 2. d4 d5 3. Nd2 Be7 4. Ngf3 Nf6 5. Bd3 c5 6. exd5 exd5 7. dxc5 Bxc5 8. Nb3 Be7 9. h3 {[%emt 0:01:12] White is slightly better.} O-O 10. O-O Nc6 11. Re1 Re8 12. Bf4 Nb4 13. c3 Nxd3 14. Qxd3 Bd7 15. Rad1 Qb6 16. Be5 (16. Be3 {simplifies} Qb5 17. Qxb5 Bxb5 18. Bg5) 16... Ne4 17. Bd4 Qc7 18. Be3 Bc6 19. Nfd4 Qd7 (19... Ba4 $11 {keeps the balance.}) 20. Nxc6 $16 Qxc6 21. Qxd5 Qxd5 22. Rxd5 Nf6 {[%emt 0:00:01] Prevents Rd7.} 23. Re5 {[%emt 0:00:45] White is more active.} Bd6 24. Rxe8+ Rxe8 25. Rd1 Bb8 26. Na5 b6 (26... Bc7 $16) 27. Nc6 $18 Kf8 28. g4 h6 29. g5 hxg5 30. Bxg5 Nh7 (30... Rc8 $142 31. Bxf6 gxf6) 31. Bd8 Bf4 32. Kf1 Bg5 33. Bxg5 Nxg5 {[%emt 0:00:02][%mdl 4096] Endgame. KRN-KRN} 34. Rd5 f6 35. Nxa7 Kf7 (35... Ra8 $16) 36. Nb5 {[%emt 0:00:00][%cal Od5g5] [#] And now Rxg5! would win.} Kg6 (36... Nxh3 {keeps fighting.} 37. Nd6+ Ke6) 37. h4 Nf3 38. h5+ Kh6 39. Nd4 Re1+ 40. Kg2 Ne5 41. Nf3 Re2 (41... Ra1 $142 42. Nxe5 fxe5 43. Rxe5 Rxa2) 42. Nxe5 fxe5 {[%emt 0:00:02] KR-KR} 43. Rb5 Kxh5 44. Kf1 (44. Rxb6 $142 {aiming for a4.} e4 45. Rb4) 44... Rc2 $2 {[%emt 0:01:06] [#]} (44... Rd2 {is tougher.} 45. Ke1 (45. Rxb6 Kg4 $16) 45... Rc2 46. Rxe5+ (46. Rxb6 Kg4 $18) 46... g5) 45. Rxe5+ Kg4 46. Re2 Rc1+ 47. Kg2 Kf4 48. Re6 Ra1 49. a3 (49. Rxb6 Rxa2 50. Rb4+ Ke5 51. f4+ Kd6 $18) 49... Ra2 50. Rxb6 g5 51. c4 Ra1 52. c5 Rc1 53. a4 g4 54. a5 Rc2 55. Rb4+ {[%emt 0:00:00] White mates.} Kf5 56. a6 Rxc5 57. Ra4 {[%emt 0:00:00] Weighted Error Value: White=0.13 (very precise) /Black=0.40.  Mistake:       	White=1     	Black=7      Inaccurate:     	White=1     	Black=3      OK:         	White=16    	Black=13     Best:        	White=7     	---} 1-0

[Event "Azerbaijan-ch 1st League 2025"]
[Site "Baku"]
[Date "2025.01.09"]
[Round "4.6"]
[White "Suleymanli, Suleyman"]
[Black "Musayev, Eldar"]
[Result "1-0"]
[Annotator "TA"]
[ECO "A07"]
[WhiteElo "2280"]
[BlackElo "2163"]
[PlyCount "97"]
[EventDate "2025.01.05"]
[EventType "swiss"]
[EventCountry "AZE"]
[SourceTitle "playchess.com"]
[Source "ChessBase"]
[SourceQuality "1"]
[TimeControl "40/5400+30:1800+30"]

1. Nf3 d5 2. g3 Bg4 3. Bg2 Nd7 4. h3 Bxf3 5. Bxf3 Ngf6 6. O-O c6 7. d4 e6 {[%emt 0:03:19] [#]} 8. c4 $1 Bd6 (8... dxc4 9. Qc2) 9. Qd3 O-O 10. Nc3 Re8 11. b3 Qe7 12. Bg2 e5 13. cxd5 e4 14. Qd1 cxd5 15. Nb5 Nf8 16. Nxd6 Qxd6 17. Bf4 Qb6 18. g4 Ne6 19. Be5 Nd7 20. Bg3 Qxd4 21. e3 Qxd1 22. Rfxd1 Nb6 23. Rac1 Rac8 24. Rxc8 Rxc8 25. f3 exf3 26. Bxf3 Rc3 27. Be1 {[%emt 0:02:09] A strong pair of Bishops.} Rxe3 28. Kf2 $1 d4 29. Bd2 Re5 $1 (29... Rd3 30. Ke2 Rxf3 (30... Nc5 $2 31. Rc1 $18) 31. Kxf3 $16) 30. Bxb7 g5 31. Bf3 Nd7 32. b4 Nb6 33. Rc1 {[%emt 0:01:08] Inhibits Nc4.} Nd5 34. Rc8+ Kg7 35. Ra8 Ne3 36. Rxa7 Nf4 $1 37. Rd7 Nxh3+ 38. Kg3 Ng1 {[%emt 0:00:02] Strongly threatening ...Nf1+.} 39. Rxd4 h5 $2 {[%emt 0:03:22][%mdl 8192] [#]} 40. Bc3 $1 $18 (40. gxh5 $2 Nf5+ 41. Kf2 Nxd4 $19) (40. Bxe3 Rxe3 41. Kf2 Rxf3+ $11 (41... Nxf3 42. Kxe3 Nxd4 43. Kxd4 $11)) 40... h4+ 41. Kf2 Nh3+ {[%emt 0:03:11] [#]} 42. Ke1 $1 (42. Ke2 Nd5+ (42... Nxg4+ $2 {is the wrong capture.} 43. Kd2 $18) 43. Kd2 Nxc3 44. Kxc3 Ng1 $11) 42... Re6 $2 ({Much weaker is} 42... Nxg4+ 43. Re4 f6 44. Bxe5 Nxe5 45. Bh1 $18) (42... Kf8) 43. Re4+ Kf8 44. Rxe6 fxe6 45. b5 {[%emt 0:03:13][%cal Bb4b5,Bb5b6][%mdl 32] b6 would kill now.} Nc4 46. a4 {[%emt 0:02:28][%cal Ba2a4,Ba4a5][%mdl 32] and a5 would now be decisive} Nf4 47. a5 h3 48. b6 Nd3+ 49. Kf1 1-0

[Event "Azerbaijan-ch 1st League 2025"]
[Site "Baku"]
[Date "2025.01.09"]
[Round "4.7"]
[White "Gurbanov, Ismayil"]
[Black "Ughuzov, Ravan"]
[Result "1/2-1/2"]
[Annotator "TA"]
[ECO "B10"]
[WhiteElo "2248"]
[BlackElo "2250"]
[PlyCount "99"]
[EventDate "2025.01.05"]
[EventType "swiss"]
[EventCountry "AZE"]
[SourceTitle "playchess.com"]
[Source "ChessBase"]
[SourceQuality "1"]
[TimeControl "40/5400+30:1800+30"]

1. e4 c6 2. Ne2 d5 3. e5 Bf5 4. Nd4 Bg6 5. h4 h6 6. h5 Bh7 7. e6 Nf6 8. Qe2 Qd6 9. g3 fxe6 10. Qxe6 Nbd7 11. d3 Qc5 (11... Qb4+ $15 12. c3 Qb6) 12. c3 (12. Nb3 $1 $11 {remains equal.} Qd6 (12... Qxc2 13. Na3 $14) 13. Qxd6 exd6 14. Nc3) 12... Bg8 13. Qe2 e5 14. Nf3 e4 (14... Qe7 $15) 15. Nh4 $1 $11 Be6 16. d4 Qb6 17. Bh3 {[%emt 0:00:02] Against Bg4} Bxh3 18. Rxh3 c5 19. Be3 cxd4 20. cxd4 Qe6 $36 {[%emt 0:00:00][%mdl 2048] Keeping White busy.} 21. Rh1 Bb4+ 22. Kf1 O-O 23. Ng6 {[%emt 0:00:31] Prevents Ng4.} Rfc8 24. Kg2 Ng4 25. Nf4 Nxe3+ 26. fxe3 Qc6 (26... Qf7 $17 27. Na3 a6) 27. Nc3 Bxc3 (27... Nf6 $1 $15) 28. Rac1 Qd6 29. bxc3 Nb6 30. Rh4 Rf8 31. Rg4 Rf6 32. Rb1 Rc8 33. Rxb6 axb6 34. Rxg7+ $1 Kxg7 35. Qg4+ Kh7 36. Qxc8 {[%emt 0:00:03][%mdl 4096] Endgame KQR-KQN} Rf7 37. Qg4 {[%emt 0:00:12] and Qg6+ would now be decisive} Qf6 38. a4 (38. Nxd5 $2 Qf1+ 39. Kh2 Rf2#) 38... Qg5 39. Qe6 (39. Kh3 {simplifies} Qxg4+ 40. Kxg4 Kg7 41. Nxd5 Rf3 42. c4) 39... Rg7 40. Qh3 {[%emt 0:00:00] Active counter play!} Rf7 41. c4 dxc4 {[%emt 0:06:39] ...b5 would now be deadly.} 42. Qe6 Re7 43. Qxc4 $2 (43. Qc8 $1 $11) 43... Qg4 $2 ({Black should play} 43... Rg7 $19 44. Ng6 Qxh5 (44... Qxe3 45. Nf8+ Kh8 46. Ng6+ Rxg6 47. hxg6 $11)) 44. Qd5 Qf3+ 45. Kh2 Rg7 (45... Qxe3 46. Qf5+ Kg7 (46... Kg8 47. Ne6 $16) 47. Qg6+ Kh8 48. Qf6+ (48. Qxh6+ Kg8 $11) 48... Rg7 49. Qf8+ (49. Qxh6+ Kg8 $11) 49... Kh7 50. Qf5+ Kg8 51. Ng6 Qd2+ (51... Qxd4 52. Qf8+ Kh7 53. Qh8#) 52. Kh3 $18) 46. Qf5+ Kg8 47. Qe6+ Kh7 48. Qf5+ (48. Qxb6 $2 {is a self mate.} Qxg3+ 49. Kh1 Qg1#) 48... Kg8 49. Qc8+ Kh7 50. Qf5+ 1/2-1/2

[Event "Azerbaijan-ch 1st League 2025"]
[Site "Baku"]
[Date "2025.01.09"]
[Round "4.8"]
[White "Rustamov, Rustam"]
[Black "Garakhanov, Shamsi"]
[Result "1-0"]
[Annotator "TA"]
[ECO "B97"]
[WhiteElo "2305"]
[BlackElo "2022"]
[PlyCount "85"]
[EventDate "2025.01.05"]
[EventType "swiss"]
[EventCountry "AZE"]
[SourceTitle "playchess.com"]
[Source "ChessBase"]
[SourceQuality "1"]
[TimeControl "40/5400+30:1800+30"]

1. e4 c5 2. Nf3 d6 3. d4 cxd4 4. Nxd4 Nf6 5. Nc3 a6 6. Bg5 e6 7. f4 Qb6 8. Nb3 Nbd7 9. Qf3 Qc7 10. O-O-O b5 11. Bxf6 gxf6 (11... Nxf6 $11 12. Bd3 b4) 12. a3 $14 {[%emt 0:00:32] White is more active.} Rb8 13. Rd4 Nc5 14. Kb1 Qb6 {[%emt 0:07:59] ...Nxb3 would now be deadly.} 15. Qd1 Bd7 {[%emt 0:12:59] [#]} 16. f5 $1 a5 $1 17. Na2 Bc6 18. fxe6 fxe6 19. Rxd6 Nxb3 (19... Bxd6 $11 20. Qxd6 Nxe4 (20... Bxe4 $2 21. Qxc5 b4 22. axb4 $16) 21. Qxe6+ Kf8) 20. Rxe6+ Kf7 21. Rxc6 Qxc6 22. cxb3 h5 23. Nc3 Bxa3 $1 24. Bxb5 Rxb5 25. Nxb5 Qxe4+ $2 (25... Qxb5 $14 26. bxa3 Rb8) 26. Ka2 $18 Bb4 27. Qd7+ Kg6 28. Rc1 Qf5 {[%emt 0:03:00] [#]} 29. Qc6 $1 Rd8 {[%emt 0:01:27] Wards off Nd4} 30. h3 Qd5 31. Qc4 Qxg2 $2 (31... Kf7 $16 32. Rc2 Kg7) 32. Nd4 Qd5 33. Qd3+ f5 34. Qg3+ Kf6 $2 (34... Kf7 $18) 35. Qh4+ Kf7 36. Qxh5+ Kf6 37. Qh6+ Kf7 38. Rc7+ Rd7 39. Qh7+ Ke8 40. Qg6+ (40. Qxf5 Qxd4 41. Qg6+ Kd8 $11) (40. Rc8+ $142 Rd8 41. Qh8+ (41. Qxf5 Qxd4 42. Qh5+ Kf8 $11) 41... Bf8 42. Rxd8+ Qxd8 43. Qh5+ (43. Nxf5 Qd5 $18) 43... Kd7 44. Qxf5+ (44. Nxf5 Qe8 $18) 44... Kd6 45. Qe6+ Kc5 46. Qe5+ Qd5 47. Ne6+ Kc6 48. Qxd5+ Kxd5 49. Nxf8) 40... Kd8 41. Rc4 (41. Qxf5 $2 Qxf5 (41... Kxc7 $2 42. Qf4+ Bd6 43. Qc1+ Kb7 44. Ne2 $19) (41... Qxd4 42. Rc4 $11) 42. Nxf5 Kxc7 $19) 41... Rd6 42. Nc6+ ({Less strong is} 42. Qxf5 Qxf5 43. Nxf5 Rf6 $16) (42. Qg5+ $142 Kd7 43. Nxf5 (43. Qxf5+ Qxf5 44. Nxf5 Rd5 $16)) 42... Kd7 (42... Rxc6 $18 43. Qxc6 Qxc6 44. Rxc6 Ke7) 43. Qg7+ (43. Nxb4 axb4 44. Qg7+ Ke6 45. Qg8+ (45. Rxb4 $2 {gets mated.} Ra6+) 45... Kf6 46. Qh8+ Kg6 $11) 1-0